 Dungeon Crawl Stone Soup version 0.29-a0-283-ga02f740833 (webtiles) character file.

Game seed: 15817231009402160288

346 PaleWalker the Twirler (level 6, -3/66 HPs)
             Began as a Gnoll Wanderer on Mar 13, 2022.
             Was a Believer of the Shining One.
             Slain by a kobold brigand
             ... wielding a +0 short sword
              (8 damage)
             ... in a sewer.
             The game lasted 00:07:13 (2754 turns).

PaleWalker the Twirler (Gnoll Wanderer)             Turns: 2754, Time: 00:07:14

Health: -3/66      AC:  7    Str: 13    XL:     6   Next: 59%
Magic:  9/9        EV:  9    Int:  9    God:    the Shining One [**....]
Gold:   60         SH:  4    Dex: 14    Spells: 9/9 levels left

rFire   . . .      SeeInvis .   n - +1 dagger (venom)
rCold   . . .      Faith    .   t - +0 buckler
rNeg    + . .      Spirit   .   c - +0 scale mail
rPois   .          Reflect  .   (no helmet)
rElec   .          Harm     .   (no cloak)
rCorr   .          Rampage  .   (no gloves)
Will    .....                   (no boots)
Stlth   ..........              (no amulet)
HPRegen 0.21/turn               (no ring)
MPRegen 0.11/turn               (no ring)

@: berserking, glowing, slow
A: fangs 1, strong nose, distributed training
a: Renounce Religion, Divine Shield


You were in a sewer.
You worshipped the Shining One.
The Shining One was pleased with you.
You visited 1 branch of the dungeon, and saw 3 of its levels.
You also visited: Sewer.

You collected 60 gold pieces.

Inventory:

Hand Weapons
 a - a +2 short sword
 n - a +1 dagger of venom (weapon)
Missiles
 j - a throwing net
 r - 4 silver javelins
 v - 11 poisoned darts
 w - 3 curare-tipped darts (quivered)
Armour
 c - a +0 scale mail (worn)
 t - a +0 buckler (worn)
Wands
 m - a wand of iceblast (5)
 u - a wand of polymorph (14)
Scrolls
 b - 5 scrolls of identify {unknown}
 d - a scroll of teleportation
 f - a scroll of vulnerability {unknown}
 g - 2 scrolls of blinking {unknown}
 h - a scroll of fog {unknown}
 i - a scroll of enchant weapon {unknown}
 p - a scroll of amnesia {unknown}
Potions
 k - 2 potions of heal wounds {unknown}
 l - a potion of magic {unknown}
 o - 2 potions of cancellation {unknown}
 q - a potion of curing {unknown}
 s - a potion of mutation {unknown}


   Skills:
 + Level 2.0 Fighting
 + Level 6.8 Short Blades
 + Level 2.0 Long Blades
 + Level 2.0 Axes
 + Level 2.0 Maces & Flails
 + Level 2.0 Polearms
 + Level 6.8 Staves
 + Level 2.0 Slings
 + Level 2.0 Bows
 + Level 2.0 Crossbows
 + Level 3.3 Throwing
 + Level 5.0 Armour
 + Level 3.3 Dodging
 + Level 2.0 Stealth
 + Level 2.0 Shields
 + Level 2.0 Unarmed Combat
 + Level 2.0 Spellcasting
 + Level 1.6 Conjurations
 + Level 1.6 Hexes
 + Level 1.6 Summonings
 + Level 1.6 Necromancy
 + Level 1.6 Translocations
 + Level 1.6 Transmutations
 + Level 1.6 Fire Magic
 + Level 1.6 Ice Magic
 + Level 1.6 Air Magic
 + Level 1.6 Earth Magic
 + Level 1.6 Poison Magic
 + Level 2.2 Invocations
 + Level 2.0 Evocations


You had 9 spell levels left.
You didn't know any spells.
Your spell library was empty.

Dungeon Overview and Level Annotations

Branches:
Dungeon (3/15)              Sewer (1/1)

Altars:
The Shining One

Shops:
D:1 [[[?   D:2 [


Innate Abilities, Weirdness & Mutations

You have very sharp teeth.
Your uncanny sense of smell can sniff out nearby items.
Your experience applies equally to all skills.


Message History

The kobold brigand hits you with a +0 short sword.
Your unstable footing causes you to fumble your attack.
Your unstable footing causes you to fumble your attack.
The kobold brigand closely misses you.
Your unstable footing causes you to fumble your attack.
The kobold brigand hits you with a +0 short sword.
Your unstable footing causes you to fumble your attack.
You barely miss the kobold brigand.
The kobold brigand is moderately wounded.
The kobold brigand hits you but does no damage.
You hit the kobold brigand.
The kobold brigand looks even sicker.
The kobold brigand is moderately wounded.
The kobold brigand closely misses you.
You hit the kobold brigand.
The kobold brigand looks as sick as possible!
The kobold brigand is heavily wounded.
The kobold brigand hits you with a +0 short sword.
You hit the kobold brigand but do no damage.
The kobold brigand looks as sick as possible!
The kobold brigand is heavily wounded.
Your unstable footing causes you to fumble your attack.
The kobold brigand closely misses you.
You barely miss the kobold brigand.
The kobold brigand is heavily wounded.
The kobold brigand hits you with a +0 short sword!
* * * LOW HITPOINT WARNING * * *
Your unstable footing causes you to fumble your attack.
You block the kobold brigand's attack.
Your unstable footing causes you to fumble your attack.
Your unstable footing causes you to fumble your attack.
The kobold brigand hits you with a +0 short sword.
* * * LOW HITPOINT WARNING * * *
Your unstable footing causes you to fumble your attack.
The kobold brigand hits you with a +0 short sword.
* * * LOW HITPOINT WARNING * * *
It was a potion of berserk rage.
A red film seems to cover your vision as you go berserk!
You feel yourself moving faster!
You feel mighty!
The kobold brigand hits you with a +0 short sword!
You die...

######### ##
###### #.#.#.#.#
#. .#.#.#
#≈#≈#≈#≈# #≈
≈#≈#≈# #≈#≈#≈#≈#
#≈ ≈#≈#≈#
#≈#≈#≈#≈#
#≈#≈#≈#≈#
#≈≈≈#≈)≈#
.≈≈#≈≈.#
##≈###†##
#K###)## #)# #≈#
#@# #.# #≈###≈#
#≈###≈# #≈.≈≈≈#
#≈≈≈≈≈# ##≈≈≈##
##≈..## #.≈.#
#≈≈≈# #...# #.≈≈#
#.≈.## ##.≈≈#
#.≈..## ##....#
#.≈..≈#####...≈≈#


You could see a kobold brigand (very poisoned).

Vanquished Creatures
  2 kobold brigands (Sewer)
  Ijyb (D:2)
  Natasha (thrice) (D:2)
  A gnoll (D:1)
  3 adders
  3 dart slugs
  An orc (D:2)
  5 bats
  5 endoplasms
  6 giant cockroaches
  4 hobgoblins
  6 jackals (D:1)
  4 quokkas
  3 ball pythons
  A frilled lizard (D:2)
  15 goblins
  2 kobolds
  2 rats
67 creatures vanquished.

Notes
Turn   | Place    | Note
-------+----------+-------------------------------------------
     0 | D:1      | PaleWalker the Gnoll Wanderer began the quest for the Orb.
     0 | D:1      | PaleWalker set off with the following items: a +2 short
                  | sword, a +0 quarterstaff, a +0 scale mail, a scroll of
                  | teleportation
     0 | D:1      | Reached XP level 1. HP: 13/13 MP: 1/1
    57 | D:1      | Found Gesiw's Antique Armour Boutique.
   181 | D:1      | Reached XP level 2. HP: 17/19 MP: 2/2
   265 | D:1      | Found Acapioma's Antique Armour Emporium.
   524 | D:1      | Reached XP level 3. HP: 25/25 MP: 3/3
   526 | D:1      | Found Ybaez's Armour Shoppe.
   959 | D:1      | Found Ytuinoib's Magic Scroll Shop.
  1141 | D:1      | Found a faded altar of an unknown god.
  1155 | D:1      | Reached skill level 1 in Invocations
  1159 | D:1      | Prayed at the altar of an unknown god.
  1159 | D:1      | Became a worshipper of the Shining One
  1159 | D:1      | Reached * piety under the Shining One
  1261 | D:2      | Found Moluh's Armour Shop.
  1276 | D:2      | Reached skill level 1 in Fighting
  1276 | D:2      | Reached skill level 1 in Long Blades
  1276 | D:2      | Reached skill level 1 in Axes
  1276 | D:2      | Reached skill level 1 in Maces & Flails
  1276 | D:2      | Reached skill level 1 in Polearms
  1276 | D:2      | Reached skill level 1 in Slings
  1276 | D:2      | Reached skill level 1 in Bows
  1276 | D:2      | Reached skill level 1 in Crossbows
  1276 | D:2      | Reached skill level 1 in Stealth
  1276 | D:2      | Reached skill level 1 in Shields
  1276 | D:2      | Reached skill level 1 in Unarmed Combat
  1276 | D:2      | Reached skill level 1 in Spellcasting
  1276 | D:2      | Reached skill level 1 in Evocations
  1319 | D:2      | Reached XP level 4. HP: 25/32 MP: 5/5
  1451 | D:2      | Noticed Ijyb
  1474 | D:2      | Killed Ijyb
  1475 | D:2      | Reached skill level 1 in Conjurations
  1475 | D:2      | Reached skill level 1 in Hexes
  1475 | D:2      | Reached skill level 1 in Summonings
  1475 | D:2      | Reached skill level 1 in Necromancy
  1475 | D:2      | Reached skill level 1 in Translocations
  1475 | D:2      | Reached skill level 1 in Transmutations
  1475 | D:2      | Reached skill level 1 in Fire Magic
  1475 | D:2      | Reached skill level 1 in Ice Magic
  1475 | D:2      | Reached skill level 1 in Air Magic
  1475 | D:2      | Reached skill level 1 in Earth Magic
  1475 | D:2      | Reached skill level 1 in Poison Magic
  1814 | D:2      | Noticed Natasha
  1817 | D:2      | Killed Natasha
  1818 | D:2      | Reached XP level 5. HP: 37/37 MP: 5/7
  1953 | D:2      | Noticed Natasha
  1964 | D:2      | Killed Natasha
  2267 | D:2      | Noticed Natasha
  2267 | D:2      | Reached ** piety under the Shining One
  2274 | D:2      | Killed Natasha
  2555 | D:3      | Found a glowing drain.
  2579 | Sewer    | Entered a sewer
  2627 | Sewer    | Noticed a kobold brigand
  2639 | Sewer    | Killed a kobold brigand
  2640 | Sewer    | Reached XP level 6. HP: 44/44 MP: 8/8
  2706 | Sewer    | Reached skill level 5 in Armour
  2754 | Sewer    | Slain by a kobold brigand

Illustrated notes

Levels and vault maps discovered:
D:1:      matt_arrival_spirals, layout_basic,
          shapermc_ecumenical_altar_notcrosses, serial_glass, glass_columns_a,
          glass_columns_a, serial_shops, nicolae_shop_stone, shop,
          nicolae_shop_overgrown_old_shop, shop
D:2:      kennysheep_the_goblin_king, layout_basic, serial_shops, shop,
          uniq_natasha
D:3:      layout_rooms, tso_oasis_becter, grunt_temple_overflow_open,
          portal_sewer_entry_f, serial_forest, infiniplex_forest_zigzag_1,
          infiniplex_forest_lined_3, infiniplex_forest_lined_3_way,
          infiniplex_forest_straight_4, infiniplex_forest_lined_corner
Sewer:    sewer_co_tree

Skill      XL: |  1  2  3  4  5  6 |
---------------+-------------------+-----
Invocations    | 1 2 |  2.2
Fighting       | 1 2 |  2.0
Long Blades    | 1 2 |  2.0
Axes           | 1 2 |  2.0
Maces & Flails | 1 2 |  2.0
Polearms       | 1 2 |  2.0
Slings         | 1 2 |  2.0
Bows           | 1 2 |  2.0
Crossbows      | 1 2 |  2.0
Stealth        | 1 2 |  2.0
Shields        | 1 2 |  2.0
Unarmed Combat | 1 2 |  2.0
Spellcasting   | 1 2 |  2.0
Evocations     | 1 2 |  2.0
Conjurations   | 1 |  1.6
Hexes          | 1 |  1.6
Summonings     | 1 |  1.6
Necromancy     | 1 |  1.6
Translocations | 1 |  1.6
Transmutations | 1 |  1.6
Fire Magic     | 1 |  1.6
Ice Magic      | 1 |  1.6
Air Magic      | 1 |  1.6
Earth Magic    | 1 |  1.6
Poison Magic   | 1 |  1.6
Throwing       | 3 |  3.3
Dodging        | 3 |  3.3
Armour         | 5 |  5.0
Short Blades   | |  6.8
Staves         | |  6.8

Action                   |  1- 3 |  4- 6 || total
-------------------------+-------+-------++-------
Melee: Short sword       |    84 |    21 ||   105
       Bite              |     5 |    23 ||    28
       Punch             |     1 |     1 ||     2
       Dagger            |       |   111 ||   111
Throw: Dart              |       |    10 ||    10
       Javelin           |       |     3 ||     3
       Throwing net      |       |     1 ||     1
  Use: Potion            |       |     1 ||     1
Armor: Scale mail        |    26 |    29 ||    55
Dodge: Dodged            |    29 |    35 ||    64
Block: Buckler           |       |     7 ||     7

Table legend: (Time is in decaauts)
 A = Elapsed time spent in this place.
 B = Non-inter-level travel time spent in this place.
 C = Inter-level travel time spent in this place.
 D = Time resting spent in this place.
 E = Time spent auto-exploring this place.
 F = Levels seen in this place.
 G = Mean time per level.
                   A        B        C        D        E       F      G
               +--------+--------+--------+--------+--------+-----+--------+
         Total |   2745 |   2619 |    126 |      0 |   2147 |   4 |  686.2 |
       Dungeon |   2553 |   2427 |    126 |      0 |   2046 |   3 |  851.0 |
         Sewer |    192 |    192 |      0 |      0 |    101 |   1 |  192.0 |
               +--------+--------+--------+--------+--------+-----+--------+

Top non-repeatable levels by time:
     D:2: 1293 daAuts
     D:1: 1225 daAuts
   Sewer: 192 daAuts
     D:3: 35 daAuts
